Map: Eternal Empire LE

Players

ShoWTimE - Winner!

  • Race: Protoss Protoss
  • Spawn Location: 7:00

Future

  • Race: Terran Terran
  • Spawn Location: 1:00

Event: Shopify TSL 5

VOD

Have the link to the VOD?

Description

Time

  • Played on: May 23, 2020, 2:35 p.m.
  • Length: 10:12

All games in this series

Show
View Real Time Build Order
Export as new Build Order

ShoWTimE Protoss - Winner!

Build Orders: 1 Gate Expand, Blink Stalkers, Chargelot Immortal 

Get SALT Encoding   

  12  0:00  Probe  
  13  0:12  Probe  
  14  0:17  Pylon  
  14  0:24  Probe (Chrono Boost)  
  15  0:37  Probe (Chrono Boost)  
  15  0:38  Gateway  
  16  0:44  Probe (Chrono Boost)  
  16  0:47  Assimilator  
  17  0:51  Probe  
  18  1:03  Probe  
  19  1:15  Probe  
  20  1:25  Cybernetics Core  
  20  1:33  Nexus  
  20  1:36  Probe  
  21  1:43  Pylon  
  21  1:48  Probe  
  21  1:50  Assimilator  
  22  1:59  Adept (Chrono Boost)  
  22  2:00  Probe  
  23  2:03  Warp Gate  
  25  2:12  Probe  
  26  2:19  Stalker (Chrono Boost)  
  28  2:24  Probe  
  29  2:36  Probe  
  30  2:37  Twilight Council  
  30  2:45  Probe (Chrono Boost)  
  30  2:47  Stalker  
  34  2:52  Probe (Chrono Boost)  
  34  2:57  Probe (Chrono Boost)  
  35  3:04  Probe x2 (Chrono Boost)  
  37  3:08  Pylon, Blink (Chrono Boost)  
  37  3:11  Probe  
  38  3:13  Probe  
  39  3:23  Probe  
  39  3:25  Probe  
  41  3:31  Robotics Facility  
  41  3:35  Probe  
  41  3:37  Probe  
  41  3:40  Gateway  
  43  3:44  Gateway  
  43  3:47  Probe  
  44  3:49  Probe  
  44  3:51  Assimilator  
  44  3:52  Sentry  
  47  3:59  Probe  
  47  4:01  Probe  
  49  4:05  Pylon  
  49  4:11  Probe  
  49  4:13  Probe  
  49  4:15  Phoenix  
  50  4:20  Observer  
  50  4:24  Probe  
  52  4:26  Probe  
  52  4:30  Nexus  
  53  4:32  Stalker  
  53  4:37  Probe  
  56  4:42  Stalker  
  56  4:43  Stalker  
  62  4:48  Pylon  
  62  4:52  Forge  
  62  4:55  Probe x2  
  62  4:56  Observer  
  61  5:00  Pylon  
  61  5:04  Charge  
  61  5:07  Probe x2  
  61  5:08  Stalker x3  
  69  5:17  Gateway x2  
  69  5:18  Protoss Ground Armor Level 1 (Chrono Boost)  
  69  5:19  Probe  
  70  5:27  Gateway  
  70  5:36  Immortal  
  70  5:40  Gateway  
  74  5:52  Stalker x3  
  74  5:54  Probe  
  74  5:55  Probe  
  82  5:59  Probe  
  81  6:06  Probe  
  82  6:13  Pylon  
  82  6:14  Gateway  
  82  6:15  Sentry  
  84  6:19  Immortal  
  84  6:21  Probe x3  
  91  6:29  Shield Battery  
  91  6:33  Probe  
  92  6:40  Probe  
  92  6:42  Sentry  
  92  6:43  Zealot x3  
  92  6:46  Pylon  
  100  6:51  Probe  
  101  6:55  Pylon  
  101  6:57  Pylon  
  101  7:04  Probe x2  
  101  7:06  Protoss Ground Weapons Level 1 (Chrono Boost)  
  103  7:10  Assimilator  
  103  7:11  Immortal  
  103  7:14  Assimilator  
  107  7:16  Zealot x6  
  107  7:20  Zealot x2  
  117  7:36  Zealot x3  
  117  7:37  Zealot x3, Observer  
  103  7:45  Immortal  
  103  7:47  Zealot x2  
  103  7:50  Probe x2  
  111  7:54  Photon Cannon  
  111  8:00  Sentry  
  111  8:01  Sentry, Zealot x4  
  111  8:04  Probe  
  111  8:05  Probe x2  
  124  8:06  Assimilator  
  124  8:10  Templar Archives  
  124  8:18  Pylon x3  
  124  8:21  Pylon  
  124  8:27  Psionic Storm  
  124  8:35  Warp Prism  
  126  8:44  Zealot x7  
  140  8:50  Pylon  
  140  8:51  High Templar  
  142  9:03  Photon Cannon  
  142  9:04  High Templar x2  
  146  9:10  Nexus  
  146  9:12  Observer  
  146  9:13  Pylon, High Templar  
  149  9:23  Probe  
  150  9:27  Stalker x5  
  147  9:39  Stalker x2  
  137  9:55  Archon, Zealot x2  
  137  9:56  Zealot x4  
Show
View Real Time Build Order
Export as new Build Order

Future Terran 

Build Orders: Reaper Expand 

Get SALT Encoding   

  12  0:00  SCV  
  13  0:13  SCV  
  14  0:17  Supply Depot  
  14  0:25  SCV  
  15  0:38  SCV  
  15  0:39  Barracks  
  16  0:43  Refinery  
  16  0:50  SCV  
  17  1:03  SCV  
  18  1:15  SCV  
  19  1:27  Reaper, Orbital Command  
  20  1:42  Command Center  
  20  1:50  Supply Depot  
  20  1:52  SCV  
  21  1:58  Marine  
  22  2:04  SCV  
  23  2:09  Factory  
  23  2:16  SCV  
  23  2:18  Bunker  
  23  2:21  Barracks Reactor  
  24  2:28  SCV  
  25  2:33  Bunker  
  24  2:41  SCV  
  25  2:44  Refinery  
  25  2:53  SCV, Orbital Command  
  25  2:55  Hellion  
  25  2:58  Marine x2  
  29  3:02  Orbital Command  
  29  3:05  SCV  
  31  3:06  Starport  
  31  3:16  Marine x2, Widow Mine  
  31  3:17  SCV  
  36  3:24  Supply Depot  
  36  3:28  SCV  
  36  3:31  SCV  
  36  3:33  Marine  
  39  3:38  Marine  
  39  3:40  Widow Mine  
  42  3:42  SCV  
  42  3:44  SCV  
  44  3:48  Medivac  
  44  3:50  Supply Depot  
  44  3:54  SCV  
  47  3:55  Barracks  
  47  3:56  SCV  
  48  4:04  Barracks  
  48  4:05  Factory Tech Lab  
  48  4:06  SCV  
  48  4:08  SCV  
  48  4:09  Marine  
  51  4:10  Marine  
  52  4:18  SCV  
  52  4:20  SCV  
  53  4:24  Refinery  
  53  4:25  Engineering Bay  
  53  4:31  SCV, Factory Tech Lab  
  55  4:32  SCV, Marine  
  55  4:33  Marine  
  55  4:34  Starport Reactor  
  55  4:38  Supply Depot  
  57  4:43  SCV  
  57  4:44  SCV  
  59  4:50  Marine  
  59  4:51  Marine  
  59  4:52  Terran Infantry Weapons Level 1  
  61  4:56  Supply Depot  
  61  4:59  Combat Shield  
  61  5:01  Stimpack  
  61  5:02  SCV x2  
  61  5:03  Marine x2  
  65  5:08  Marine  
  65  5:10  Supply Depot, Marine  
  65  5:11  Factory Reactor  
  67  5:14  SCV x2  
  67  5:18  Refinery  
  67  5:21  Marine x2  
  71  5:24  Supply Depot  
  71  5:26  SCV x2, Marine  
  71  5:28  Marine  
  75  5:39  Medivac, Marauder x2  
  75  5:40  Medivac  
  83  5:43  SCV x2, Marine  
  83  5:46  Marine  
  84  5:50  Supply Depot  
  84  5:55  SCV  
  84  5:56  SCV  
  86  6:00  Marauder x2  
  86  6:01  Marine  
  86  6:03  Marine  
  89  6:08  Widow Mine x2  
  89  6:10  Medivac  
  94  6:11  Medivac  
  94  6:13  Supply Depot  
  96  6:19  Marine  
  96  6:22  Marauder x2  
  96  6:23  Concussive Shells  
  101  6:27  Marine  
  102  6:35  Widow Mine x2  
  102  6:37  Marine  
  102  6:39  Supply Depot  
  103  6:40  Supply Depot  
  103  6:43  Marine x2  
  103  6:45  Marine, Liberator  
  109  6:48  Liberator  
  110  6:54  Supply Depot  
  110  6:58  Terran Infantry Armor Level 1  
  110  7:01  Marine, Widow Mine x2  
  115  7:02  Marauder x2  
  115  7:03  Marine  
  120  7:12  Command Center  
  120  7:14  SCV x2  
  122  7:18  Marine  
  121  7:23  Barracks  
  121  7:24  Barracks  
  114  7:31  Marauder x2  
  114  7:32  Marine  
  114  7:34  Liberator  
  114  7:36  Marine  
  119  7:40  Liberator  
  111  7:44  SCV x2  
  111  7:49  Marine  
  111  7:50  Widow Mine x2  
  118  7:56  SCV x2  
  120  8:07  Marauder x2, Marine x2  
  120  8:08  SCV  
  120  8:10  SCV  
  120  8:12  Barracks Reactor, Barracks Tech Lab  
  128  8:15  Widow Mine x2  
  128  8:17  Supply Depot  
  132  8:20  SCV  
  132  8:23  SCV  
  137  8:29  Marauder x2  
  137  8:33  Orbital Command  
  141  8:38  Marauder, Marine  
  141  8:39  Marine  
  147  8:43  Liberator x2  
  147  8:47  Widow Mine x2  
  152  8:50  Marauder  
  152  8:53  Marauder, Marine  
  152  8:54  Marine  
  158  8:59  Armory, Marauder  
  158  9:01  Engineering Bay  
  160  9:05  Marine x2  
  162  9:11  Marauder  
  162  9:12  Marine  
  162  9:15  Marine  
  165  9:19  Refinery  
  165  9:20  Refinery  
  165  9:23  SCV x3, Marine  
  165  9:24  Marauder  
  171  9:25  Supply Depot  
  171  9:37  Marauder  
  170  9:39  Marine  
  170  9:41  Marauder, Marine  
  173  9:47  Marauder  
Tags
 
Add a new tag
Caveats
  • Supply blocks, unpowered buildings, or Contaminate may cause inaccurate times.
  • Supply counts are checked every 10 seconds.